 Dungeon Crawl Stone Soup version 0.23-a0-402-g64599a1 (webtiles) character file.

193553 MisterFreud the Bludgeoner (level 17, -12/158 HPs)
             Began as a Minotaur Abyssal Knight on Nov 4, 2018.
             Was a High Priest of Lugonu.
             Killed from afar by a deep elf mage (19 damage)
             ... with a bolt of lightning
             ... on level 1 of the Elven Halls.
             The game lasted 02:56:58 (34690 turns).

MisterFreud the Bludgeoner (MiAK)                  Turns: 34690, Time: 02:57:17

Health: -12/158    AC: 20    Str: 26    XL:     17   Next: 64%
Magic:  0/26       EV:  9    Int: 16    God:    Lugonu [*****.]
Gold:   1224       SH:  7    Dex: 11    Spells: 16/16 levels left

rFire    . . .     SeeInvis .   b - +9 mace (distort)
rCold    . . .     Gourm    .   V - +0 buckler {AC+3}
rNeg     . . .     Faith    .   T - +1 chain mail "Kimaq" {rF+ Regen+ Int+4}
rPois    +         Spirit   +   (helmet restricted)
rElec    .         Reflect  .   q - scarf {Spirit}
rCorr    .         Harm     .   K - +1 pair of gloves {Str+3}
MR       +....                  k - +0 pair of boots
Stlth    ..........             C - amulet "Yqett" {rF- Regen+ Int+3 Slay+3}
HPRegen  1.16/turn              j - ring of poison resistance
MPRegen  0.20/turn              Z - +2 ring of slaying

@: lethally poisoned (-12 -> -12), very slightly contaminated, drained
A: retaliatory headbutt, horns 2
}: 1/15 runes: gossamer
a: Depart the Abyss, Bend Space, Banish, Corrupt, Enter the Abyss, Renounce
Religion


You were on level 1 of the Elven Halls.
You worshipped Lugonu.
Lugonu was extremely pleased with you.
You were hungry.

You visited 7 branches of the dungeon, and saw 33 of its levels.
You visited the Abyss 1 time.
You also visited: Ossuary.

You collected 2619 gold pieces.
You spent 1395 gold pieces at shops.

Inventory:

Hand Weapons
 b - a +9 mace of distortion (weapon)
 B - the +4 whip of Abuse {drain, +Rage Str+4 Dex+4}
   (You found it on level 5 of the Lair of Beasts)

   A truly terrible weapon, it drains the life of those it strikes.
   It affects your strength (+4).
   It affects your dexterity (+4).
   It lets you go berserk.
 E - a +0 hunting sling of velocity
Missiles
 l - 257 sling bullets
 m - 726 stones (quivered)
 p - 251 bolts
Armour
 k - a +0 pair of boots (worn)
 q - a scarf of spirit shield (worn)
 K - a +1 pair of gloves of strength (worn)
 T - the +1 chain mail "Kimaq" (worn) {rF+ Regen+ Int+4}
   (You found it on level 3 of the Lair of Beasts)

   It affects your intelligence (+4).
   It protects you from fire.
   It increases your rate of regeneration.
 V - a +0 buckler of protection (worn)
Jewellery
 j - a ring of poison resistance (left hand)
 t - a +2 amulet of reflection
 w - an uncursed amulet of the acrobat
 C - the amulet "Yqett" (around neck) {rF- Regen+ Int+3 Slay+3}
   (You bought it in a shop on level 2 of the Orcish Mines)

   [amulet of regeneration]

   It affects your intelligence (+3).
   It affects your accuracy and damage with ranged weapons and melee attacks
   (+3).
   It makes you vulnerable to fire.
   It increases your rate of regeneration.
 Z - a +2 ring of slaying (right hand)
Wands
 f - a wand of iceblast (20)
 u - a wand of enslavement (6)
 D - a wand of clouds (12)
 F - a wand of polymorph (13)
 H - a wand of paralysis (21)
 I - a wand of digging (5)
 L - a wand of acid (12)
 Q - a wand of flame (41)
 R - a wand of disintegration (34)
 U - a wand of random effects (20)
Scrolls
 a - 7 scrolls of enchant armour
 d - a scroll of summoning
 e - 2 scrolls of magic mapping
 h - 6 scrolls of teleportation
 v - 2 scrolls of silence
 y - 10 scrolls of identify
 G - 11 scrolls of remove curse
 P - 6 scrolls of fear
Potions
 g - 9 potions of might
 i - a potion of heal wounds
 n - 15 potions of curing
 o - 3 potions of lignification
 r - 14 potions of flight
 s - 2 potions of ambrosia
 z - 3 potions of mutation
 A - a potion of berserk rage
 J - 6 potions of agility
 M - 5 potions of resistance
 N - a potion of cancellation
 W - 2 potions of invisibility
Miscellaneous
 O - a phial of floods
 Y - a sack of spiders
Comestibles
 c - 54 rations


   Skills:
 - Level 16.0(15.4) Fighting
   Level 2.4(2.0) Long Blades
 + Level 20.8(20.2) Maces & Flails
 * Level 13.6(13.1) Armour
 - Level 1.1(0.7) Dodging
 - Level 15.0(14.4) Shields
 - Level 14.0(13.4) Invocations
 - Level 10.0(9.5) Evocations


You had 16 spell levels left.
You didn't know any spells.
Your spell library contained the following spells:

 Spells                   Type           Power        Failure   Level  Hunger
 Animate Skeleton         Necr           N/A          71%         1    ##.....
 Apportation              Tloc           #.....       71%         1    ##.....
 Confusing Touch          Hex            #.....       71%         1    ##.....
 Summon Butterflies       Summ           #.......     71%         1    ##.....
 Summon Small Mammal      Summ           #...         71%         1    ##.....
 Call Imp                 Summ           #.......     83%         2    ###....
 Call Canine Familiar     Summ           #.......     97%         3    ####...
 Lesser Beckoning         Tloc           #.........   97%         3    ####...
 Summon Guardian Golem    Hex/Summ       #.......     97%         3    ####...
 Tukima's Dance           Hex            #.......     97%         3    ####...
 Summon Ice Beast         Ice/Summ       #.......     100%        4    #####..
 Summon Lightning Spire   Summ/Air       #.......     100%        4    #####..
 Alistair's Intoxication  Tmut/Pois      #.......     100%        5    ######.
 Summon Mana Viper        Hex/Summ       #.......     100%        5    ######.
 Invisibility             Hex            #.......     100%        6    #######
 Summon Hydra             Summ           #.........   100%        7    #######


Dungeon Overview and Level Annotations

Branches:
Dungeon (15/15)            Temple (0/1) D:6            Lair (6/6) D:9
  Swamp (4/4) Lair:4       Spider (4/4) Lair:4        Slime (0/5) Lair:6
    Orc (2/2) D:9             Elf (1/3) Orc:2        Vaults (1/5) D:13
 Depths (0/5) D:15

Altars:
Fedhas
Makhleb
Okawaru
Zin
Jiyva

Shops:
D:7 *   D:10 [   Orc:2 %(%*[[=

Portals:
Hell: Lair:6

Annotations:
Lair:6 3 runed doors, SaintRoka's ghost, journeyman OpTm
Swamp:4 Lernaean hydra
Spider:4 nur noch death scarabs und spectral kram
Abyss:1 Azrael; Erica; Erolcha; Frances; Josephine; Kirke; Nikola; Snorg; Sonja; Urug


Innate Abilities, Weirdness & Mutations

You reflexively headbutt those who attack you in melee.
You have a pair of horns on your head.


Message History

A deep elf mage comes into view. It is wielding a +0 dagger.
The deep elf mage points at you and mumbles some strange words.
The bolt of lightning misses you. The bolt of lightning hits you!
* * * LOW HITPOINT WARNING * * *
The deep elf archer unwields a +0 dagger.
The deep elf archer wields a +0 shortbow.
The deep elf archer shoots an arrow.
The arrow hits you but does no damage.
The battlesphere moves out of view.
The deep elf mage moves out of view.
Okay, then.
Okay, then.
Unknown command.
Unknown command.
You feel much better.
You feel sick.
The deep elf mage casts a spell.
The deep elf mage blinks!
The deep elf mage casts a spell at you. The bolt of lightning hits you!
* * * LOW HITPOINT WARNING * * *
The bolt of lightning hits you!
You die...

#####.####
#........#
#.###.##.# #.#
#.##.# #.###.##.####
# ######.##.........
.# #..........##.###
#.## #.####.##...#)#
..... #.#.@....##
#.#.##
#........e.##......
#.###.#e##.#...#.#
.........)§)e...#.#
#.#.####'####.#§*#.#
#...


.ee #eee..... #..e ###e##.## ..§.. ... .. ##. # You could see a deep elf
annihilator, a deep elf archer and 3 deep elf magi.

Vanquished Creatures
  A ghost moth (Spider:1)
  An entropy weaver (Spider:4)
  A deep elf annihilator (Elf:1)
  A spark wasp (Spider:4)
  A yaktaur captain (D:13)
  A rakshasa (D:15)
  A hell beast (Lair:6)
  2 centaur warriors
  8 alligators
  5 ghost crabs
  12 two-headed ogres (Orc:2)
  5 dancing weapons (Elf:1)
  A death knight (D:15)
  6 death yaks
  3 deep elf knights
  A shock serpent (shapeshifter) (D:15)
  6 unseen horrors
  5 skeletal warriors
  5 swamp dragons
  A phantasmal warrior (D:14)
  A spectral wolf spider (Spider:4)
  2 harpies
  2 wizards
  14 deep elf magi
  An orc knight (D:14)
  2 wolf spider zombies
  An orb spider (Spider:1)
  2 cyclopes
  19 wolf spiders
  7 ugly things
  3 manticores
  4 moths of wrath
  15 elephants
  A spiny frog (shapeshifter) (D:15)
  A torpor snail (Lair:6)
  4 black mambas
  3 gargoyles
  A vault sentinel (Vaults:1)
  2 orange demons (Lair:6)
  11 spiny frogs
  A spectral redback (Spider:4)
  3 rime drakes
  7 komodo dragons
  2 yaktaurs (D:13)
  An ice devil (Lair:6)
  A kobold demonologist (D:13)
  A redback zombie (Spider:4)
  5 demonic crawlers
  A tengu conjurer (D:14)
  2 trolls
  A red devil (Lair:6)
  A queen bee (shapeshifter) (D:10)
  32 jumping spiders
  2 polar bears
  A queen bee (Spider:4)
  7 tyrant leeches
  A wind drake (Spider:4)
  4 spectral tarantellas (Spider:4)
  7 bog bodies
  18 blink frogs
  5 slime creatures
  9 hornets
  A raiju (shapeshifter) (D:13)
  A spectral jumping spider (Spider:4)
  13 hippogriffs
  7 dream sheep (Lair:6)
  A snapping turtle (shapeshifter) (D:15)
  35 tarantellas
  5 shadows
  61 redbacks
  A spriggan (Swamp:3)
  5 wraiths
  A wyvern (Lair:3)
  6 hogs
  23 yaks
  4 fire elementals
  A human (D:13)
  A basilisk (Lair:4)
  10 vampire mosquitoes
  4 hungry ghosts
  15 insubstantial wisps
  13 swamp worms
  An acid dragon (D:13)
  3 wargs
  11 water moccasins
  7 hell hounds
  6 porcupines
  A floating eye (D:10)
  11 swamp drakes
  4 sky beasts
  2 hornet zombies
  2 phantoms
  17 orc warriors
  6 ice beasts
  2 black bears
  A necrophage (D:10)
  4 boggarts (D:15)
  7 wolves
  8 centaurs
  25 ogres
  16 crocodiles
  4 big kobolds
  15 bullfrogs
  3 wyvern skeletons
  7 scorpions
  18 wights
  2 electric eels
  6 howler monkeys
  8 crimson imps
  4 jellies
  5 centaur zombies
  3 human zombies (Ossuary)
  13 orc priests
  10 hounds
  11 orc wizards
  3 bullfrog skeletons
  7 centaur skeletons
  10 worker ants
  A mummy (Ossuary)
  A hound zombie (D:10)
  3 hound skeletons
  2 worker ant zombies
  Robin (D:2)
  14 adders
  4 gnolls (D:6)
  A howler monkey skeleton (D:10)
  An ooze (D:6)
  An adder zombie (D:5)
  A worm (D:2)
  A dart slug (D:1)
  5 leopard geckos
  66 orcs
  8 bats
  3 giant cockroaches
  9 hobgoblins
  15 jackals
  8 quokkas
  6 frilled lizards
  A giant cockroach zombie (D:5)
  11 goblins
  2 goblin zombies (Ossuary)
  10 hobgoblin zombies (Ossuary)
  A jackal zombie (Ossuary)
  24 kobolds
  7 kobold zombies (Ossuary)
  A leopard gecko skeleton (D:6)
  9 orc zombies (Ossuary)
  A quokka skeleton (D:5)
  7 rats
971 creatures vanquished.

Vanquished Creatures (others)
  An orc warlord (Orc:2)
  2 emperor scorpions
  An entropy weaver (Spider:2)
  12 hydras
  A ghost crab (Swamp:4)
  4 two-headed ogres
  3 shambling mangroves
  3 ogre magi (Orc:2)
  4 alligators
  2 orc high priests (Orc:2)
  A death yak (Lair:2)
  A deep elf knight (Elf:1)
  2 skeletal warriors
  An orc knight (D:9)
  6 orb spiders
  2 orc sorcerers
  2 wolf spiders (Spider:4)
  3 slime creatures
  3 cyclopes
  4 elephants
  A manticore (D:13)
  4 spiny frogs
  A centaur skeleton (D:10)
  An efreet (D:12)
  A komodo dragon (Spider:3)
  A demonic crawler (Spider:1)
  A hellwing (Lair:6)
  A spectral redback (Spider:4)
  A red devil (Lair:6)
  3 jumping spiders
  A tyrant leech (Swamp:2)
  2 trolls
  A raiju (Spider:4)
  3 hippogriffs
  2 blink frogs
  6 redbacks
  A wraith (D:15)
  7 tarantellas
  A wyvern (D:12)
  A hungry ghost (D:9)
  8 yaks
  A steam dragon (D:12)
  6 swamp worms
  A water moccasin (Lair:6)
  An insubstantial wisp (Swamp:2)
  A porcupine (Lair:2)
  A hell hound (Orc:2)
  3 orc warriors
  6 ogres (Orc:2)
  A swamp drake (Swamp:1)
  3 centaurs
  4 crocodiles
  A big kobold (D:10)
  A bullfrog (D:6)
  A jelly (D:15)
  2 scorpions (D:8)
  A wight (D:2)
  A howler monkey (D:9)
  A crimson imp (D:7)
  An orc wizard (Orc:2)
  A bullfrog skeleton (D:8)
  An adder (D:9)
  An ooze (D:5)
  An adder skeleton (D:7)
  A leopard gecko (D:2)
  3 orcs
  A kobold (D:10)
  23 fungi
  19 plants
194 creatures vanquished.

Grand Total: 1165 creatures vanquished

Notes
Turn   | Place    | Note
-------+----------+-------------------------------------------
     0 | Abyss:1  | MisterFreud the Minotaur Abyssal Knight began the quest for
                  | the Orb.
     0 | Abyss:1  | Reached XP level 1. HP: 19/19 MP: 1/1
    39 | Abyss:1  | Noticed a chaos spawn
    42 | Abyss:1  | Noticed an ancient zyme
    44 | D:1      | Escaped the Abyss
   413 | D:1      | Reached * piety under Lugonu
   419 | D:1      | Reached skill level 1 in Shields
   419 | D:1      | Reached XP level 2. HP: 26/27 MP: 2/2
  1060 | D:2      | Noticed Robin
  1072 | D:2      | Killed Robin
  1072 | D:2      | Reached XP level 3. HP: 33/34 MP: 3/3
  1073 | D:2      | Reached skill level 1 in Maces & Flails
  1097 | D:2      | Reached ** piety under Lugonu
  1180 | D:2      | Reached XP level 4. HP: 41/41 MP: 4/4
  1274 | D:2      | Reached skill level 5 in Fighting
  1293 | D:2      | Reached skill level 2 in Maces & Flails
  1298 | D:2      | Reached XP level 5. HP: 25/48 MP: 5/5
  1469 | D:2      | Reached skill level 3 in Maces & Flails
  2145 | D:3      | Reached skill level 4 in Maces & Flails
  2145 | D:3      | Reached XP level 6. HP: 48/57 MP: 6/6
  2514 | D:3      | Reached *** piety under Lugonu
  3068 | D:4      | Reached skill level 5 in Maces & Flails
  3072 | D:4      | Reached skill level 6 in Maces & Flails
  3072 | D:4      | Reached XP level 7. HP: 25/63 MP: 7/7
  3493 | D:5      | Entered Level 5 of the Dungeon
  3710 | D:5      | Reached skill level 7 in Maces & Flails
  3733 | D:5      | Reached skill level 8 in Maces & Flails
  4054 | D:5      | Reached skill level 9 in Maces & Flails
  4054 | D:5      | Reached XP level 8. HP: 56/70 MP: 10/10
  4355 | D:6      | Reached skill level 5 in Invocations
  4422 | D:6      | Found a staircase to the Ecumenical Temple.
  4481 | D:6      | Reached **** piety under Lugonu
  4498 | D:6      | Reached skill level 10 in Maces & Flails
  4505 | D:6      | Noticed a hippogriff
  4521 | D:6      | Killed a hippogriff
  4704 | D:6      | Reached skill level 11 in Maces & Flails
  4926 | D:6      | Reached XP level 9. HP: 69/75 MP: 13/13
  5456 | D:7      | Reached skill level 12 in Maces & Flails
  5969 | D:7      | Found Eroor's Assorted Antiques.
  5976 | D:7      | Bought a bloodstained ring mail for 243 gold pieces
  5986 | D:7      | Identified the +2 ring mail "Fusenoull" {rElec rC- rCorr
                  | Dex+7} (You bought it in a shop on level 7 of the Dungeon)
  6021 | D:7      | Reached skill level 13 in Maces & Flails
  6236 | D:8      | Reached skill level 14 in Maces & Flails
  6236 | D:8      | Reached skill level 1 in Evocations
  6304 | D:8      | Reached ***** piety under Lugonu
  6315 | D:8      | Found a sand-covered staircase.
  6320 | Ossuary  | Entered an ossuary
  6634 | D:8      | Reached XP level 10. HP: 52/83 MP: 15/15
  6654 | D:8      | Reached skill level 5 in Evocations
  6819 | D:8      | Found a glowing silver altar of Zin.
  7309 | D:9      | Found a staircase to the Orcish Mines.
  7444 | D:9      | Reached skill level 5 in Armour
  7905 | D:9      | Found a staircase to the Lair.
  8209 | Lair:1   | Entered Level 1 of the Lair of Beasts
  8363 | D:7      | Bought a shiny buckler for 202 gold pieces
  8363 | D:7      | Bought a scroll of teleportation for 81 gold pieces
  8450 | Lair:1   | Found an iron altar of Okawaru.
  8458 | Lair:1   | Noticed a spiny frog
  8802 | Lair:1   | Reached XP level 11. HP: 61/94 MP: 16/16
  9141 | Lair:1   | Reached ****** piety under Lugonu
 10183 | Lair:2   | Reached skill level 10 in Armour
 10306 | Lair:3   | Noticed a death yak
 10306 | Lair:3   | Noticed a death yak
 10307 | Lair:3   | Noticed a death yak
 10307 | Lair:3   | Noticed a death yak
 10341 | Lair:2   | Banished a death yak
 10555 | Lair:3   | Got an ichor-stained chain mail
 10566 | Lair:3   | Identified the +1 chain mail "Kimaq" {rF+ Regen+ Int+4}
                  | (You found it on level 3 of the Lair of Beasts)
 10582 | Lair:3   | Reached skill level 10 in Fighting
 10623 | Lair:3   | Noticed a five-headed hydra
 10625 | Lair:3   | Banished a five-headed hydra
 10731 | Lair:2   | Killed a death yak
 10856 | Lair:3   | Killed a death yak
 11067 | Lair:3   | Reached skill level 10 in Invocations
 11176 | Lair:3   | Killed a death yak
 11176 | Lair:3   | Reached skill level 5 in Shields
 11299 | Lair:3   | Reached XP level 12. HP: 35/106 MP: 18/18
 11477 | Lair:3   | Reached skill level 15 in Maces & Flails
 11726 | Lair:4   | Found a hole to the Spider Nest.
 12152 | Lair:4   | Reached skill level 16 in Maces & Flails
 12447 | Lair:4   | Found a staircase to the Swamp.
 12560 | Lair:5   | Noticed Snorg
 12599 | Lair:5   | Got a fine whip
 12600 | Lair:5   | Identified the +4 whip of Abuse {drain, +Rage Str+4 Dex+4}
                  | (You found it on level 5 of the Lair of Beasts)
 12895 | Lair:5   | Banished Snorg
 13108 | Lair:6   | Entered Level 6 of the Lair of Beasts
 13172 | Lair:6   | Found a runed gate.
 13173 | Lair:6   | Noticed a five-headed hydra
 13175 | Lair:6   | Found a runed gate.
 13176 | Lair:6   | Found a runed gate.
 13176 | Lair:6   | Noticed a four-headed hydra
 13177 | Lair:6   | Noticed a minotaur
 13178 | Lair:6   | Noticed SaintRoka's ghost (journeyman OpTm)
 13460 | Lair:6   | Reached XP level 13. HP: 87/114 MP: 19/19
 13665 | Lair:6   | Reached skill level 10 in Shields
 14241 | Lair:6   | Reached skill level 17 in Maces & Flails
 14470 | Lair:6   | Found a burning altar of Makhleb.
 14476 | Lair:6   | Found a gateway to Hell.
 14688 | Lair:6   | Found a viscous altar of Jiyva.
 14688 | Lair:6   | Found a staircase to the Slime Pits.
 15117 | D:10     | Entered Level 10 of the Dungeon
 15163 | D:10     | Noticed Erolcha
 15176 | D:10     | Banished Erolcha
 15386 | D:10     | Found Hicerio's Antique Armour Boutique.
 15400 | D:10     | Bought a pair of glowing gloves for 262 gold pieces
 15412 | D:10     | Noticed Sonja
 15417 | D:10     | Banished Sonja
 15491 | D:10     | Noticed Josephine
 15540 | D:10     | Banished Josephine
 15597 | D:10     | Reached XP level 14. HP: 101/125 MP: 21/21
 15667 | D:10     | Noticed Erica
 15670 | D:10     | Banished Erica
 17009 | D:12     | Noticed Urug
 17360 | D:13     | Found a gate to the Vaults.
 17589 | D:12     | Banished Urug
 17833 | D:13     | Found a blossoming altar of Fedhas.
 19482 | D:14     | Reached skill level 18 in Maces & Flails
 19860 | D:15     | Entered Level 15 of the Dungeon
 20588 | D:15     | Got a translucent halberd
 20773 | D:15     | Reached XP level 15. HP: 125/136 MP: 20/23
 20919 | D:15     | Found a staircase to the Depths.
 21371 | Orc:1    | Entered Level 1 of the Orcish Mines
 21720 | Orc:2    | Entered Level 2 of the Orcish Mines
 21721 | Orc:2    | Noticed Azrael
 21742 | Orc:2    | Found a staircase to the Elven Halls.
 21762 | Orc:2    | Found Fonkecog's Antique Armour Emporium.
 21804 | Orc:2    | Found Poeseips's Jewellery Boutique.
 22023 | Orc:2    | Reached skill level 10 in Evocations
 22100 | Orc:2    | Found Luill's Armour Shoppe.
 22100 | Orc:2    | Found Yguihes's Assorted Antiques.
 22102 | Orc:2    | Found Jiuc's Food Shop.
 22102 | Orc:2    | Found Uweofi's Weapon Emporium.
 22165 | Orc:2    | Bought a brightly glowing pewter amulet for 95 gold pieces
 22165 | Orc:2    | Bought a scroll of enchant weapon for 142 gold pieces
 22165 | Orc:2    | Bought a potion of heal wounds for 95 gold pieces
 22165 | Orc:2    | Bought a scroll of enchant armour for 142 gold pieces
 22165 | Orc:2    | Bought a potion of curing for 57 gold pieces
 22165 | Orc:2    | Bought a potion of might for 76 gold pieces
 22217 | Orc:2    | Noticed an orc warlord
 22246 | Orc:2    | Banished Azrael
 22441 | Orc:2    | Found Ypeuw's Food Shop.
 23044 | Orc:2    | Banished an orc warlord
 23087 | Orc:2    | Identified the amulet "Yqett" {rF- Regen+ Int+3 Slay+3}
                  | (You bought it in a shop on level 2 of the Orcish Mines)
 23295 | Spider:1 | Entered Level 1 of the Spider Nest
 23881 | Spider:2 | Reached skill level 19 in Maces & Flails
 24059 | Spider:1 | Killed a ghost moth
 24554 | Spider:2 | Identified the cursed +0 halberd of Irofudos {chop, rC+}
                  | (You found it on level 15 of the Dungeon)
 25031 | Spider:3 | Reached XP level 16. HP: 138/147 MP: 21/24
 25170 | Spider:3 | Reached skill level 15 in Fighting
 25897 | Spider:4 | Entered Level 4 of the Spider Nest
 26511 | Spider:4 | Reached skill level 15 in Shields
 26935 | Spider:4 | Noticed Kirke
 27455 | Swamp:1  | Entered Level 1 of the Swamp
 27755 | Swamp:1  | Reached skill level 20 in Maces & Flails
 27815 | Swamp:1  | Noticed Frances
 27816 | Swamp:1  | Banished Frances
 28415 | Swamp:2  | Noticed Nikola
 28465 | Swamp:2  | Banished Nikola
 29647 | Swamp:3  | Reached XP level 17. HP: 158/158 MP: 26/26
 30954 | Swamp:4  | Entered Level 4 of the Swamp
 31684 | Swamp:4  | Noticed the 27-headed Lernaean hydra
 32193 | Spider:4 | Banished Kirke
 33512 | Spider:4 | Got a gossamer rune of Zot
 33774 | Vaults:1 | Entered Level 1 of the Vaults
 34107 | Elf:1    | Entered Level 1 of the Elven Halls
 34690 | Elf:1    | HP: 7/158 [deep elf mage/bolt of lightning (25)]
 34690 | Elf:1    | Killed from afar by a deep elf mage

Vault maps used:
D:1:      dpeg_arrival_chase
D:2:      kennysheep_cross_bottleneck, uniq_robin
D:3:      first_ration, kennysheep_cross_room, grunt_decor_one_mirror,
          minmay_distorted
D:4:      minmay_misc_feat_rows, minmay_manual_mares
D:5:      hangedman_glass_teeth, kennysheep_generic_room_4
D:6:      minmay_temple_entry_steel_oval
D:7:      serial_shops, shop
D:8:      zin_academy, lightli_ossuary_entry_decrepit_ruins
D:9:      minmay_lair_entry_grove
D:10:     serial_shops, shop, onia_ninara_cookie, uniq_erolcha, uniq_josephine,
          uniq_sonja, uniq_erica
D:12:     uniq_urug
D:13:     david_vaults_2, grunt_livestock, fedhas_altar_2
D:14:     minivault_19
D:15:     gammafunk_enter_depths_forms, kennysheep_flooded_box
Lair:1:   basic_altar
Lair:3:   grunt_megastairs_2, serial_bayou_shore_b
Lair:4:   nicolae_swamp_entry_splash_gauntlet, spider_nest_entry_webs,
          chequers_serial_rivers_micro_b
Lair:5:   chequers_serial_rivers_marsh, serial_bayou_crossing, uniq_snorg
Lair:6:   evil_forest, slime_altar_1, maelrawn_ghost_labyrinth_escape
Swamp:1:  evilmike_swamp_ruin_house_3, uniq_frances
Swamp:2:  hangedman_swamp_ruin_wall, uniq_nikola
Swamp:3:  hangedman_swamp_ruin_hall, swamp_pool1
Swamp:4:  swamp_old_school, infiniplex_staircase_pool
Spider:2: spider_trap
Spider:4: floodkiller_spider_rune_tomb, uniq_kirke
Orc:2:    st_orc_ogre_mass, serial_shops, nicolae_shop_statue_plus,
          nicolae_shop_waterfront, nicolae_shop_waterfront, library_closet,
          elf_legates, uniq_azrael
Elf:1:    eino_elf_arrival_the_gate, enter_trove_2, minmay_elf_annihilation
Vaults:1: nicolae_vaults_little_squares_3, vaults_room_pools,
          ontoclasm_vaults_ligature, v_misc_25, nicolae_vaults_theta,
          grunt_vaults_hallway_long, vaults_mumra_lcd,
          vaults_mumra_minichess_inversion, v_pattern_1,
          nicolae_vaults_mini_display_case, ontoclasm_vaults_gateway,
          nicolae_vaults_shelves_hall, vaults_mumra_hex, vaults_room_grid
Abyss:1:  hangedman_abyss_shoalhut
Ossuary:  ossuary_tomb_1

Skill      XL: |  1  2  3  4  5  6  7  8  9 10 11 12 13 14 15 16 17 |
---------------+----------------------------------------------------+-----
Fighting       | 4 5 6 8 10 11 13 14 16 | 16.0
Shields        | 1 2 3 4 5 9 11 12 14 15 | 15.0
Maces & Flails | 1 2 4 6 9 11 14 16 17 18 19 20 | 20.8
Invocations    | 4 7 8 10 11 12 14 | 14.0
Evocations     | 4 6 8 9 10 | 10.0
Armour         | 8 10 13 | 13.6
Long Blades    | |  2.4
Dodging        | |  1.1

Action                   |  1- 3 |  4- 6 |  7- 9 | 10-12 | 13-15 | 16-18 || total
-------------------------+-------+-------+-------+-------+-------+-------++-------
Melee: Falchion          |    48 |       |       |       |       |       ||    48
       Headbutt          |     6 |    12 |    63 |   158 |   333 |   277 ||   849
       Mace              |    37 |    96 |   341 |   649 |  1504 |  1075 ||  3702
       Unarmed           |       |       |     6 |       |       |     2 ||     8
Invok: Depart the Abyss  |     1 |       |       |       |       |       ||     1
       Banish            |       |       |       |     9 |    48 |    30 ||    87
Evoke: Wand              |       |       |     2 |     1 |    11 |    29 ||    43
  Use: Scroll            |     1 |     7 |     4 |    11 |    12 |    20 ||    55
       Potion            |       |       |       |     1 |     2 |     9 ||    12
 Stab: Paralysed         |       |       |       |     2 |       |       ||     2
       Held in net/web   |       |       |       |       |       |     1 ||     1
  Eat: Chunk             |     1 |     5 |     8 |    24 |    41 |    13 ||    92
       Ration            |       |       |     1 |     1 |     4 |     8 ||    14
Armor: Leather armour    |     1 |       |       |       |       |       ||     1
       Ring mail         |    26 |    32 |    55 |    32 |       |       ||   145
       Skin              |       |       |     1 |       |       |       ||     1
       Chain mail        |       |       |       |   100 |   651 |   678 ||  1429
Dodge: Dodged            |    44 |    32 |   103 |   155 |   371 |   392 ||  1097
Block: Buckler           |     9 |    27 |    66 |   127 |   449 |   314 ||   992
       Reflection        |       |     4 |     4 |     2 |    19 |       ||    29
       Rpst.: Falchion   |    10 |       |       |       |       |       ||    10

Table legend:
 A = Non-vault XP
 B = Vault XP
 C = Vault XP percentage of total XP
 D = Non-vault monster count
 E = Vault monster count
 F = Vault count percentage of total count
                 A         B        C        D         E       F
            +---------+---------+-------+---------+---------+-------
      Total |  189401 |   74482 |  28.2 |     877 |     262 |  23.0
            +---------+---------+-------+---------+---------+-------
        D:1 |      31 |       2 |   6.1 |      16 |       1 |   5.9
        D:2 |     286 |      35 |  10.9 |      28 |      11 |  28.2
        D:3 |      88 |      75 |  46.0 |      18 |       3 |  14.3
        D:4 |      36 |     225 |  86.2 |      10 |       2 |  16.7
        D:5 |     779 |      18 |   2.3 |      22 |       1 |   4.3
        D:6 |    1632 |       0 |   0.0 |      30 |       0 |   0.0
        D:7 |     774 |       0 |   0.0 |      16 |       0 |   0.0
        D:8 |    1904 |     370 |  16.3 |      43 |       3 |   6.5
        D:9 |    1706 |    1092 |  39.0 |      28 |       9 |  24.3
       D:10 |    1864 |    5481 |  74.6 |      13 |      23 |  63.9
       D:11 |    4029 |       0 |   0.0 |      33 |       0 |   0.0
       D:12 |    4431 |     420 |   8.7 |      32 |       1 |   3.0
       D:13 |    3005 |    2752 |  47.8 |      29 |       8 |  21.6
       D:14 |   13443 |       0 |   0.0 |      43 |       0 |   0.0
       D:15 |    9823 |    3421 |  25.8 |      27 |      10 |  27.0
     Lair:1 |    3825 |       0 |   0.0 |      20 |       0 |   0.0
     Lair:2 |    3855 |       0 |   0.0 |      14 |       0 |   0.0
     Lair:3 |    7349 |       0 |   0.0 |      24 |       0 |   0.0
     Lair:4 |    3781 |    1855 |  32.9 |      16 |      10 |  38.5
     Lair:5 |    3572 |     573 |  13.8 |      13 |       1 |   7.1
     Lair:6 |   18211 |    7485 |  29.1 |      56 |      24 |  30.0
    Swamp:1 |   10084 |    1065 |   9.6 |      35 |       1 |   2.8
    Swamp:2 |   11721 |    2628 |  18.3 |      32 |       1 |   3.0
    Swamp:3 |   10908 |     495 |   4.3 |      27 |       1 |   3.6
    Swamp:4 |    6964 |    2987 |  30.0 |      20 |       9 |  31.0
   Spider:1 |    5949 |       0 |   0.0 |      16 |       0 |   0.0
   Spider:2 |   11531 |       0 |   0.0 |      42 |       0 |   0.0
   Spider:3 |   17980 |     201 |   1.1 |      60 |       1 |   1.6
   Spider:4 |   16546 |   16677 |  50.2 |      54 |      43 |  44.3
      Orc:1 |    1364 |       0 |   0.0 |      22 |       0 |   0.0
      Orc:2 |    1380 |   22069 |  94.1 |      22 |      57 |  72.2
      Elf:1 |   10124 |    2746 |  21.3 |      14 |       5 |  26.3
   Vaults:1 |     426 |    1539 |  78.3 |       2 |       2 |  50.0
    Ossuary |       0 |     271 | 100.0 |       0 |      35 | 100.0
            +---------+---------+-------+---------+---------+-------
